 Dungeon Crawl Stone Soup version 0.19-a0-1326-gee3fcf6 (webtiles) character file.

7636 Jivvin the Brawler (level 10, -25/88 HPs)
             Began as a Troll Monk on Aug 31, 2016.
             Was a High Priest of Okawaru.
             Annihilated by a shadow (35 damage)
             ... in a labyrinth.
             The game lasted 00:08:22 (7439 turns).

Jivvin the Brawler (Troll Monk)                     Turns: 7439, Time: 00:08:23

Health: -25/88     AC: 11    Str: 24    XL:     10   Next: 98%
Magic:  7/9        EV: 13    Int:  6    God:    Okawaru [*****.]
Gold:   448        SH:  0    Dex: 12    Spells: 0 memorised, 9 levels left

rFire  . . .     SeeInvis .       - Unarmed
rCold  + . .     Gourm    +     a - +2 robe
rNeg   . . .     Faith    .     (no shield)
rPois  .         Spirit   .     (helmet restricted)
rElec  .         Dismiss  +     o - +0 cloak
rCorr  .         Reflect  .     (gloves unavailable)
MR     .....     Harm     .     (boots unavailable)
Stlth  ++........               C - amulet of dismissal
                                e - ring of protection from cold
                                d - +1 ring of protection

@: heroism
A: unfitting armour, claws 3, iridescent scales 1, fast metabolism 3, gourmand,
regeneration 1, shaggy fur 1, tough skin 2
a: Heroism, Finesse, Renounce Religion


You were in a labyrinth.
You worshipped Okawaru.
Okawaru was extremely pleased with you.
You were not hungry.

You visited 3 branches of the dungeon, and saw 13 of its levels.
You also visited: Labyrinth.

You collected 448 gold pieces.

Inventory:

Hand Weapons
 l - the +1 great mace "Trog's Indignation" {freeze, rF+ Dex+7, unknown}
   (Okawaru gifted it to you on level 4 of the Lair of Beasts)

   It has been specially enchanted to freeze those struck by it, causing extra
   injury to most foes and up to half again as much damage against particularly
   susceptible opponents.
   It can also slow down cold-blooded creatures.
   It affects your dexterity (+7).
   It protects you from fire.
Armour
 a - a +2 robe (worn)
 o - a +0 cloak (worn)
Jewellery
 d - a +1 ring of protection (left claw)
 e - a ring of protection from cold (right claw)
 k - an uncursed ring of wizardry
 C - an amulet of dismissal (around neck)
Wands
 q - a wand of slowing (33/48)
 r - a wand of flame (19/48)
 v - a wand of lightning (5/15)
 x - a wand of disintegration (15/24)
 y - a wand of iceblast (5/15)
 B - a wand of iceblast (10/15)
Scrolls
 g - 3 scrolls of blinking
 j - a scroll of brand weapon
 p - a scroll of fear
 t - 2 scrolls of teleportation
 A - a scroll of magic mapping
Potions
 h - 2 potions of haste
 i - 2 potions of curing
 m - a potion of magic
 n - 2 potions of agility
 u - 2 potions of lignification
 w - a potion of flight {unknown}
Books
 s - a book of Party Tricks

   Spells                             Type                      Level
   a - Summon Butterflies             Summoning                    1
   b - Apportation                    Translocation                1
   c - Tukima's Dance                 Hexes                        3
   d - Alistair's Intoxication        Transmutation/Poison         5
   e - Invisibility                   Hexes                        6
Comestibles
 b - 2 bread rations
 c - 8 meat rations
 f - 2 beef jerkies
 z - a slice of pizza


   Skills:
 - Level 2.4(7.4) Fighting
 - Level 2.4(7.4) Dodging
 - Level 1.1(6.1) Stealth
 + Level 16.1(21.1) Unarmed Combat


You had 9 spell levels left.
You didn't know any spells.

Dungeon Overview and Level Annotations

Branches:
Dungeon (8/15)             Temple (1/1) D:7            Lair (4/6) D:8
  Swamp (0/4) Lair:4
  Snake: Lair:2-4    Spider: Lair:2-4

Altars:
Dithmenos
Elyvilon
Gozag
Kikubaaqudgha
Makhleb
Okawaru
Ru
Sif Muna
Trog
Vehumet
Xom
Yredelemnul
The Shining One


Innate Abilities, Weirdness & Mutations

You are too large for most types of armour.
You have claws for hands.
Your metabolism is lightning-fast.
You like to eat raw meat.
Your natural rate of healing is unusually fast.
You are covered in fur. (AC +1)
You have very tough skin. (AC +2)
You are partially covered in iridescent scales. (AC +2)


Message History

The shadow flickers and vanishes!
Deactivating autopickup; reactivate with Ctrl-A.
The gargoyle hurls a stone arrow at you.
The stone arrow hits you!
The gargoyle hurls a stone arrow at you.
The stone arrow hits you!
You gain the combat prowess of a mighty hero.
The gargoyle hurls a stone arrow at you.
The stone arrow hits you!
You scratch the gargoyle.
The gargoyle is heavily damaged.
The gargoyle hurls a stone arrow at you.
The stone arrow hits you!
* * * LOW HITPOINT WARNING * * *
You mangle the gargoyle!!
You destroy the gargoyle!
Okawaru is honoured by your kill.
Unknown command.
The shadow strikes at you from the darkness!
You die...

# #.# # #
# #
...#...#
###8.8#
####### #.
.
...#9{@..#
#.8/
$8.#.#####
#....
{.#...#
#8.8.
#.### ....
.# 9.# # #
#####


You could see a gargoyle.

Vanquished Creatures
  The ghost of Grorgnorb the Destroyer, a novice HOWn of Vehumet (D:4)
  Maurice (D:8)
  An elephant (Lair:2)
  A gargoyle (Lab)
  2 black mambas
  5 spiny frogs
  2 komodo dragons (Lair:2)
  3 yaks (Lair:3)
  2 water moccasins (Lair:4)
  A phantom (D:6)
  2 ice beasts
  2 centaurs
  2 ogres
  2 crocodiles (Lair:2)
  2 big kobolds (D:8)
  Blork the orc (D:6)
  3 giant frogs
  A gnoll sergeant (D:7)
  2 scorpions
  4 killer bees (D:8)
  4 wights (D:7)
  3 howler monkeys (D:7)
  2 crimson imps
  A giant frog zombie (D:8)
  A quasit (D:6)
  A giant frog skeleton (D:6)
  2 hounds
  5 jellies
  3 orc priests
  2 iguanas
  4 orc wizards
  5 worker ants
  A hound zombie (D:6)
  A hound skeleton (D:4)
  4 gnolls (D:7)
  A howler monkey skeleton (D:4)
  14 adders
  25 river rats
  4 adder skeletons
  3 worms
  A giant gecko (D:6)
  12 orcs
  5 giant cockroaches
  10 hobgoblins
  8 jackals
  18 kobolds
  2 quokkas
  6 ball pythons (D:3)
  5 bats
  4 giant newts
  10 goblins
  8 rats
215 creatures vanquished.

Notes
Turn   | Place    | Note
-------+----------+-------------------------------------------
     0 | D:1      | Jivvin the Troll Monk began the quest for the Orb.
     0 | D:1      | Reached XP level 1. HP: 22/22 MP: 0/0
    40 | D:1      | Reached XP level 2. HP: 29/29 MP: 1/1
   212 | D:1      | Reached skill level 4 in Unarmed Combat
   295 | D:1      | Reached XP level 3. HP: 35/36 MP: 2/2
   507 | D:2      | Found a faded altar of an unknown god.
   920 | D:3      | Reached skill level 5 in Unarmed Combat
   920 | D:3      | Reached XP level 4. HP: 44/44 MP: 3/3
  1260 | D:3      | Reached XP level 5. HP: 50/50 MP: 4/4
  1283 | D:3      | Found a burning altar of Makhleb.
  1284 | D:3      | Found a shimmering altar of Xom.
  1289 | D:3      | Reached skill level 6 in Unarmed Combat
  1326 | D:3      | Found a white marble altar of Elyvilon.
  1353 | D:3      | Found an ancient bone altar of Kikubaaqudgha.
  1779 | D:4      | Reached XP level 6. HP: 52/59 MP: 5/5
  1966 | D:4      | Noticed Grorgnorb's ghost (novice HOWn)
  1984 | D:4      | Killed Grorgnorb's ghost
  1984 | D:4      | Reached skill level 9 in Unarmed Combat
  1984 | D:4      | Reached XP level 7. HP: 28/66 MP: 6/6
  2127 | D:4      | Found a basalt altar of Yredelemnul.
  2128 | D:4      | Found an iron altar of Okawaru.
  2138 | D:4      | Became a worshipper of Warmaster Okawaru
  2138 | D:4      | Reached * piety under Okawaru
  2138 | D:4      | Reached ** piety under Okawaru
  2164 | D:5      | Entered Level 5 of the Dungeon
  3012 | D:5      | Reached XP level 8. HP: 70/74 MP: 7/7
  3228 | D:5      | Found a sacrificial altar of Ru.
  3419 | D:6      | Noticed Blork the orc
  3428 | D:6      | Killed Blork the orc
  3428 | D:6      | Reached skill level 10 in Unarmed Combat
  3436 | D:6      | Gained mutation: You have a pair of small antennae on your head. [potion of mutation]
  3436 | D:6      | Gained mutation: Your mind is acute. (Int +2) [potion of mutation]
  3436 | D:6      | Gained mutation: Potions and wands are less effective at restoring your health. [potion of mutation]
  3437 | D:6      | Lost mutation: Your mind is acute. (Int +2) [potion of cure mutation]
  3437 | D:6      | Lost mutation: Potions and wands are less effective at restoring your health. [potion of cure mutation]
  3437 | D:6      | Lost mutation: You have a pair of small antennae on your head. [potion of cure mutation]
  3724 | D:6      | Reached skill level 11 in Unarmed Combat
  4324 | D:6      | Reached *** piety under Okawaru
  4849 | D:7      | Reached XP level 9. HP: 75/80 MP: 8/8
  4876 | D:7      | Found an opulent altar of Gozag.
  5055 | D:7      | Reached skill level 12 in Unarmed Combat
  5170 | D:7      | Found a staircase to the Ecumenical Temple.
  5198 | Temple   | Entered the Ecumenical Temple
  5362 | D:7      | Found a deep blue altar of Sif Muna.
  5482 | D:7      | Gained mutation: You occasionally shout uncontrollably at your foes. [potion of mutation]
  5482 | D:7      | Gained mutation: You are partially covered in rough black scales. (AC +2, Dex -1) [potion of mutation]
  5482 | D:7      | Gained mutation: Scrolls take you a little longer to read. [potion of mutation]
  5486 | D:7      | Lost mutation: Scrolls take you a little longer to read. [potion of cure mutation]
  5486 | D:7      | Lost mutation: You occasionally shout uncontrollably at your foes. [potion of cure mutation]
  5486 | D:7      | Lost mutation: You are partially covered in rough black scales. (AC +2, Dex -1) [potion of cure mutation]
  5687 | D:8      | Noticed Maurice
  5701 | D:8      | Killed Maurice
  5701 | D:8      | Reached skill level 13 in Unarmed Combat
  5801 | D:8      | Gained mutation: You are partially covered in iridescent scales. (AC +2) [potion of beneficial mutation]
  5955 | D:8      | Found a staircase to the Lair.
  6094 | Lair:1   | Entered Level 1 of the Lair of Beasts
  6202 | Lair:2   | Noticed a spiny frog
  6210 | Lair:2   | Killed a spiny frog
  6210 | Lair:2   | Reached **** piety under Okawaru
  6210 | Lair:2   | Reached skill level 14 in Unarmed Combat
  6253 | Lair:2   | Noticed a spiny frog
  6258 | Lair:3   | Reached XP level 10. HP: 84/88 MP: 9/9
  6329 | Lair:3   | Noticed a black mamba
  6359 | Lair:3   | Killed a black mamba
  6518 | Lair:3   | Noticed a spiny frog
  6533 | Lair:3   | Noticed an elephant
  6534 | Lair:3   | Noticed an elephant
  6535 | Lair:3   | Killed a spiny frog
  6536 | Lair:3   | Noticed an elephant
  6536 | Lair:3   | Noticed an elephant
  6540 | Lair:3   | Noticed an elephant
  6565 | Lair:2   | Killed a spiny frog
  6566 | Lair:2   | Killed an elephant
  6566 | Lair:2   | Reached ***** piety under Okawaru
  6566 | Lair:2   | Reached skill level 15 in Unarmed Combat
  7064 | Lair:2   | Noticed a spiny frog
  7075 | Lair:2   | Killed a spiny frog
  7153 | Lair:3   | Noticed a spiny frog
  7159 | Lair:3   | Killed a spiny frog
  7171 | Lair:3   | Noticed a black mamba
  7180 | Lair:4   | Killed a black mamba
  7188 | Lair:4   | Received a gift from Okawaru
  7189 | Lair:4   | Got a twisted great mace {god gift}
  7338 | Lair:4   | Found a staircase to the Swamp.
  7390 | Lair:4   | Reached skill level 16 in Unarmed Combat
  7398 | Lair:4   | Found a labyrinth entrance.
  7412 | Lab      | Entered a labyrinth
  7419 | Lab      | Noticed a gargoyle
  7419 | Lab      | Noticed a gargoyle
  7438 | Lab      | Killed a gargoyle
  7439 | Lab      | Annihilated by a shadow

Vault maps used:
D:1:      evilmike_arrival_run_for_it
D:2:      ecumenical_altar_2
D:3:      grunt_temple_overflow_champion_of_chaos, lemuel_round_altar,
          lemuel_round_altar, minmay_snake_closets
D:4:      grunt_temple_overflow_open
D:5:      nicolae_overflow_crystal_walls, first_bread,
          minmay_misc_feat_nine_boxes
D:6:      uniq_blork_the_orc
D:7:      lemuel_blue_sif_altar, nicolae_gozag_seed_capital
D:8:      lair_0_dummy, uniq_maurice
Temple:   grunt_temple_mini_profane
Lair:1:   lemuel_slime, eino_small_chamber_without_monster, minmay_holes,
          grunt_forest_small_clearing_treed
Lair:2:   grunt_megastairs_4, lemuel_fruit_tree, uniq_sonja
Lair:3:   guppyfry_snake_entry_garden, portal_ice_cave_demonic_guard,
          grunt_megastairs_5, uniq_urug, uniq_nergalle
Lair:4:   swamp_mist_pool, special_room, lab_entry_generic, lemuel_oklob_altar,
          infiniplex_staircase_pool, uniq_harold
Lab:      labyrinth_lava_lair, lab_statue, nicolae_lab_diamond,
          nicolae_lab_quarters, nicolae_lab_blocks, nicolae_lab_garden,
          nicolae_lab_hexagon

Skill      XL: |  1  2  3  4  5  6  7  8  9 10 |
---------------+-------------------------------+-----
Unarmed Combat | 4 5 6 9 11 14 16 | 16.1
Fighting       | |  2.4
Dodging        | |  2.4
Stealth        | |  1.1

Action                   |  1- 3 |  4- 6 |  7- 9 | 10-12 || total
-------------------------+-------+-------+-------+-------++-------
Melee: Unarmed           |   111 |   117 |   264 |   121 ||   613
       Punch             |     4 |     1 |    16 |     9 ||    30
Invok: Heroism           |       |       |     2 |     6 ||     8
  Use: Scroll            |     3 |       |    16 |     1 ||    20
       Potion            |       |     4 |     8 |     4 ||    16
 Stab: Sleeping          |     2 |     6 |     1 |     1 ||    10
  Eat: Chunk             |     3 |       |    21 |    10 ||    34
       Bread ration      |     1 |     2 |     4 |       ||     7
Armor: Robe              |    45 |    48 |    76 |    47 ||   216
Dodge: Dodged            |    58 |    55 |   143 |    76 ||   332
